 Dungeon Crawl Stone Soup version 0.27-a0-412-g8dd771eca2 (webtiles) character file.

Game seed: 11163806520743318872

142 Morbidden the Firebug (level 5, -7/39 HPs)
             Began as a Demonspawn Fire Elementalist on Feb 24, 2021.
             Killed by divine providence
             ... invoked by an orc priest
              (11 damage)
             ... on level 2 of the Dungeon.
             The game lasted 00:03:50 (4340 turns).

Morbidden the Firebug (DsFE)                        Turns: 4340, Time: 00:03:50

Health: -7/39      AC:  4    Str:  9    XL:     5   Next: 3%
Magic:  1/9        EV: 12    Int: 17    God:
Gold:   113        SH:  0    Dex: 13    Spells: 8/9 levels left

rFire    . . .     SeeInvis +   (no weapon)
rCold    . . .     Faith    .   (no shield)
rNeg     . . .     Spirit   .   a - +0 robe
rPois    .         Reflect  .   (no helmet)
rElec    .         Harm     .   (no cloak)
rCorr    .         Rampage  .   (no gloves)
Will     .....                  (no boots)
Stlth    ++........             (no amulet)
HPRegen  0.13/turn              g - ring of see invisible
MPRegen  0.11/turn              (no ring)

@: no status effects
A: claws 1, rugged brown scales 2, powered by pain 1
a: no special abilities


You were on level 2 of the Dungeon.
You visited 1 branch of the dungeon, and saw 3 of its levels.

You collected 113 gold pieces.

Inventory:

Missiles
 b - 36 poisoned darts (quivered)
Armour
 a - a +0 robe (worn)
 d - a +0 pair of gloves
Jewellery
 g - a ring of see invisible (left claw)
Scrolls
 c - a scroll of random uselessness {unknown}
 e - 2 scrolls of amnesia {unknown}
 i - 2 scrolls of teleportation {unknown}
 j - a scroll of identify {unknown}


   Skills:
 * Level 1.9 Fighting
 + Level 2.2 Dodging
 + Level 2.0 Stealth
 + Level 0.3 Unarmed Combat
 * Level 2.8 Spellcasting
 + Level 1.4 Conjurations
 * Level 3.7 Fire Magic


You had 8 spell levels left.
You knew the following spells:

 Your Spells              Type           Power        Failure   Level
a - Foxfire               Conj/Fire      44%          6%          1

Your spell library contained the following spells:

 Spells                   Type           Power        Failure   Level
 Conjure Flame            Conj/Fire      11%          19%         3
 Inner Flame              Hex/Fire       8%           26%         3
 Static Discharge         Conj/Air       4%           36%         3
 Sticky Flame             Conj/Fire      11%          52%         4
 Fireball                 Conj/Fire      5%           86%         5
 Lightning Bolt           Conj/Air       2%           98%         5
 Ignition                 Fire           7%           100%        8
 Shatter                  Erth           1%           100%        9
 Tornado                  Air            1%           100%        9


Dungeon Overview and Level Annotations

Branches:
Dungeon (3/15)

Altars:
Kikubaaqudgha
Wu Jian


Innate Abilities, Weirdness & Mutations

You have sharp fingernails.
You are mostly covered in rugged brown scales. (AC +2, +5% HP)
You sometimes gain a little power by taking damage.


Message History

Casting: Foxfire (safe; 6% risk of failure)
Confirm with . or Enter, or press ? or * to list all spells.
You conjure some foxfire!
The orc priest hits you with a +0 hand axe.
The foxfire hits the orc priest but does no damage.
The orc priest is moderately wounded.
The foxfire hits the orc priest.
The orc priest is heavily wounded.
Casting: Foxfire (safe; 6% risk of failure)
Confirm with . or Enter, or press ? or * to list all spells.
You conjure some foxfire!
The orc priest hits you with a +0 hand axe.
The foxfire hits the orc priest but does no damage.
The orc priest is heavily wounded.
The foxfire hits the orc priest.
The orc priest is heavily wounded.
The orc priest barely misses you.
Casting: Foxfire (safe; 6% risk of failure)
Confirm with . or Enter, or press ? or * to list all spells.
You conjure some foxfire!
The orc priest hits you with a +0 hand axe.
* * * LOW HITPOINT WARNING * * *
The foxfire hits the orc priest but does no damage.
The orc priest is heavily wounded.
The foxfire hits the orc priest.
The orc priest is severely wounded.
The orc priest calls down the wrath of Beogh upon you.
Pain shoots through your body!
* * * LOW HITPOINT WARNING * * *
Casting: Foxfire (safe; 6% risk of failure)
Confirm with . or Enter, or press ? or * to list all spells.
You conjure some foxfire!
The orc priest barely misses you.
The orc priest barely misses your foxfire.
The foxfire hits the orc priest.
The orc priest is almost dead.
The foxfire hits the orc priest but does no damage.
The orc priest is almost dead.
The orc priest invokes the aid of Beogh against you.
Beogh smites you!
You die...

#.# #.# ###############.#
#..........[....#
#.#############.# #.# #..
#####.###############
########..§§................
#......'...@....(...........
#.######....o##.###...######
#........##..##.# ###.######
#........##..##.# #.......
#........##..##.# #.......
#........##..##.# #.......
#........##..##.# #.......
#........##..##.#####.##....
#.........#..##.##....##.†..


You could see an orc priest.

Vanquished Creatures
  3 gnolls (D:2)
  3 adders (D:2)
  6 dart slugs
  An orc (D:2)
  4 bats
  6 giant cockroaches
  11 goblins
  5 hobgoblins
  12 jackals
  A ball python (D:1)
  4 frilled lizards
  6 kobolds
  9 rats
71 creatures vanquished.

Vanquished Creatures (others)
  277 foxfires
277 creatures vanquished.

Grand Total: 348 creatures vanquished

Notes
Turn   | Place    | Note
-------+----------+-------------------------------------------
     0 | D:1      | Morbidden the Demonspawn Fire Elementalist began the quest
                  | for the Orb.
     0 | D:1      | Reached XP level 1. HP: 13/13 MP: 3/3
   221 | D:1      | You fall into a shaft and drop 1 floor!
   258 | D:2      | Reached skill level 3 in Fire Magic
   381 | D:2      | Gained mutation: You have sharp fingernails. [demonic
                  | ancestry]
   381 | D:2      | Reached XP level 2. HP: 19/19 MP: 3/5
   631 | D:2      | Reached skill level 1 in Fighting
   787 | D:2      | Gained mutation: You sometimes gain a little power by
                  | taking damage. [demonic ancestry]
   787 | D:2      | Reached XP level 3. HP: 26/26 MP: 4/6
  2045 | D:1      | Gained mutation: You are partially covered in rugged brown
                  | scales. (AC +1, +3% HP) [demonic ancestry]
  2045 | D:1      | Reached XP level 4. HP: 25/32 MP: 5/7
  3346 | D:2      | Found an ornate altar of the Wu Jian Council.
  3346 | D:2      | Found an ancient bone altar of Kikubaaqudgha.
  3732 | D:2      | HP: 2/49 [poisoned by an adder]
  3740 | D:2      | HP: 2/49 [poisoned by an adder]
  4244 | D:3      | Gained mutation: You are mostly covered in rugged brown
                  | scales. (AC +2, +5% HP) [demonic ancestry]
  4244 | D:3      | Reached XP level 5. HP: 30/39 MP: 5/9
  4340 | D:2      | Killed from afar by an orc priest

Illustrated notes

Levels and vault maps discovered:
D:1:      sevenhm_arrival_forest_fort_large_1, layout_loops_ring
D:2:      layout_basic, gammafunk_temple_overflow_elements
D:3:      layout_basic, ebering_ghost_disaster_area, uniq_robin

Skill      XL: |  1  2  3  4 |
---------------+-------------+-----
Fire Magic     | 3 |  3.7
Fighting       | 1 |  1.9
Dodging        | 2 |  2.2
Stealth        | 2 |  2.0
Unarmed Combat | |  0.3
Spellcasting   | |  2.8
Conjurations   | |  1.4

Action                   |  1- 3 |  4- 6 || total
-------------------------+-------+-------++-------
Melee: Unarmed           |     9 |    38 ||    47
Throw: Dart              |     3 |       ||     3
 Cast: Foxfire           |   102 |    74 ||   176
  Use: Potion            |       |     2 ||     2
 Stab: Sleeping          |     1 |       ||     1
Armor: Robe              |     9 |    24 ||    33
       Skin              |       |    13 ||    13
Dodge: Dodged            |    14 |    59 ||    73

Table legend: (Time is in decaauts)
 A = Elapsed time spent in this place.
 B = Non-inter-level travel time spent in this place.
 C = Inter-level travel time spent in this place.
 D = Time resting spent in this place.
 E = Time spent auto-exploring this place.
 F = Levels seen in this place.
 G = Mean time per level.
                   A        B        C        D        E       F      G
               +--------+--------+--------+--------+--------+-----+--------+
         Total |   4347 |   4252 |     95 |    385 |   3271 |   3 | 1449.0 |
       Dungeon |   4347 |   4252 |     95 |    385 |   3271 |   3 | 1449.0 |
               +--------+--------+--------+--------+--------+-----+--------+

Top non-repeatable levels by time:
     D:2: 2196 daAuts
     D:1: 1881 daAuts
     D:3: 269 daAuts
